[ AOE2 MATCH · #505208022 ]
UnrankedSaracens vs Sicilians
Player's team · LOSS
Rival team · WIN
[ REPLAY ANALYSIS · EXTRACTED FROM THE RECORDED GAME ]
Feudal
9:24
Castle
22:28
Imperial
—
| APM avg | 48.8 |
| APM peak | 81 |
| eAPM avg | 29.4 |
| Villagers / military | 59 / 30 |
Focus
⚔️ 36.6% · 🌾 63.4%
Archer ×17 · Skirmisher ×6 · Mangonel ×4 · Monk ×3
Feudal
8:50
Castle
24:41
Imperial
—
| APM avg | 84.1 |
| APM peak | 128 |
| eAPM avg | 45.4 |
| Villagers / military | 50 / 35 |
Focus
⚔️ 56.7% · 🌾 43.3%
Serjeant ×19 · Skirmisher ×10 · Mangonel ×4 · Monk ×2
Match map
Initial resources + every placement click. Lines = walls · curves = elevation contours. ◆ gold · ⬟ stone · ● berries · ✦ relic · ◌ wall gap
Your base· Open — unwalled flank
菜鸟杀手's base· Open — unwalled flank
Smoothed initial terrain · ◌ = detected wall gap · hover for details
Inputs per minute
— Archanger - - 菜鸟杀手
Build order — Archanger
First 150 of 163 actions detected
| 0:00 | Queue | Villager (Male) |
| 0:01 | Queue | Villager (Male) |
| 0:02 | Build | House |
| 0:03 | Build | House |
| 0:19 | Queue | Villager (Male) |
| 0:22 | Queue | Villager (Male) |
| 0:23 | Queue | Villager (Male) |
| 1:29 | Queue | Villager (Male) |
| 1:29 | Queue | Villager (Male) |
| 1:57 | Queue | Villager (Male) |
| 1:57 | Queue | Villager (Male) |
| 2:08 | Build | Lumber Camp |
| 2:17 | Queue | Villager (Male) |
| 3:04 | Queue | Villager (Male) |
| 3:04 | Queue | Villager (Male) |
| 3:28 | Queue | Villager (Male) |
| 3:28 | Queue | Villager (Male) |
| 3:37 | Queue | Villager (Male) |
| 3:37 | Queue | Villager (Male) |
| 4:18 | Build | House |
| 4:19 | Queue | Villager (Male) |
| 4:19 | Queue | Villager (Male) |
| 4:37 | Queue | Villager (Male) |
| 4:37 | Queue | Villager (Male) |
| 4:38 | Queue | Villager (Male) |
| 5:08 | Queue | Villager (Male) |
| 5:26 | Queue | Villager (Male) |
| 5:52 | Build | Mill |
| 6:17 | Queue | Villager (Male) |
| 6:18 | Research | Loom |
| 6:50 | Build | House |
| 7:02 | Research | Feudal Age |
| 7:24 | Build | Mining Camp |
| 7:35 | Queue | Villager (Male) |
| 8:00 | Queue | Villager (Male) |
| 8:23 | Queue | Villager (Male) |
| 8:33 | Build | Barracks |
| 8:40 | Queue | Villager (Male) |
| 8:48 | Queue | Villager (Male) |
| 9:01 | Build | House |
| 9:07 | Build | Palisade Wall |
| 9:10 | Queue | Villager (Male) |
| 9:15 | Build | Palisade Gate |
| 9:24 | Age | Feudal Age |
| 9:26 | Build | House |
| 9:30 | Build | Palisade Wall |
| 9:38 | Build | House |
| 9:39 | Build | House |
| 9:47 | Queue | Villager (Male) |
| 9:47 | Queue | Villager (Male) |
| 9:53 | Build | Palisade Wall |
| 10:03 | Queue | Villager (Male) |
| 10:14 | Build | Palisade Wall |
| 10:15 | Build | Archery Range |
| 10:24 | Build | Palisade Gate |
| 10:45 | Queue | Archer |
| 10:45 | Queue | Archer |
| 10:46 | Queue | Archer |
| 11:00 | Build | Palisade Wall |
| 11:10 | Build | Palisade Wall |
| 11:10 | Build | Palisade Wall |
| 11:11 | Build | Palisade Wall |
| 11:19 | Build | Palisade Wall |
| 11:21 | Build | Palisade Wall |
| 11:21 | Build | Palisade Wall |
| 11:51 | Build | Mining Camp |
| 12:02 | Build | Farm |
| 12:03 | Build | Farm |
| 12:04 | Build | Farm |
| 12:10 | Build | Farm |
| 12:19 | Build | Palisade Wall |
| 12:22 | Build | Palisade Wall |
| 12:34 | Build | Farm |
| 12:41 | Build | Palisade Wall |
| 12:43 | Build | Palisade Wall |
| 13:00 | Queue | Archer |
| 13:13 | Queue | Villager (Male) |
| 13:37 | Build | Farm |
| 13:57 | Queue | Villager (Male) |
| 13:57 | Queue | Villager (Male) |
| 13:58 | Queue | Villager (Male) |
| 14:00 | Queue | Archer |
| 14:01 | Queue | Archer |
| 14:01 | Queue | Archer |
| 14:49 | Build | Farm |
| 14:50 | Queue | Villager (Male) |
| 14:50 | Queue | Villager (Male) |
| 15:05 | Queue | Villager (Male) |
| 15:07 | Queue | Archer |
| 15:25 | Build | Palisade Gate |
| 15:38 | Build | House |
| 16:19 | Queue | Archer |
| 16:19 | Queue | Archer |
| 16:26 | Queue | Villager (Male) |
| 16:26 | Queue | Villager (Male) |
| 16:29 | Queue | Villager (Male) |
| 16:31 | Build | Farm |
| 16:37 | Build | Market |
| 16:39 | Queue | Archer |
| 16:43 | Build | Farm |
| 16:44 | Build | Farm |
| 16:55 | Build | Palisade Wall |
| 16:56 | Queue | Archer |
| 16:56 | Queue | Archer |
| 17:01 | Build | Farm |
| 17:04 | Build | Farm |
| 17:09 | Build | Farm |
| 17:09 | Queue | Villager (Male) |
| 17:20 | Queue | Archer |
| 17:23 | Build | Farm |
| 17:31 | Queue | Archer |
| 17:52 | Queue | Archer |
| 17:57 | Build | Farm |
| 17:57 | Queue | Villager (Male) |
| 18:07 | Queue | Villager (Male) |
| 18:56 | Build | Blacksmith |
| 19:08 | Queue | Skirmisher |
| 19:21 | Build | Market |
| 19:31 | Queue | Villager (Male) |
| 19:48 | Research | Castle Age |
| 19:48 | Research | Castle Age |
| 20:15 | Queue | Skirmisher |
| 20:35 | Build | Lumber Camp |
| 21:02 | Research | Fletching |
| 21:02 | Research | Fletching |
| 21:22 | Queue | Skirmisher |
| 21:23 | Queue | Skirmisher |
| 21:24 | Queue | Archer |
| 22:03 | Build | Mining Camp |
| 22:04 | Queue | Skirmisher |
| 22:09 | Queue | Villager (Male) |
| 22:28 | Age | Castle Age |
| 22:38 | Build | Siege Workshop |
| 23:09 | Queue | Mangonel |
| 23:10 | Queue | Mangonel |
| 23:34 | Queue | Villager (Male) |
| 23:35 | Queue | Villager (Male) |
| 23:43 | Build | Town Center |
| 23:55 | Build | Palisade Wall |
| 24:28 | Queue | Villager (Male) |
| 24:41 | Queue | Skirmisher |
| 25:03 | Queue | Villager (Male) |
| 25:03 | Queue | Villager (Male) |
| 25:15 | Queue | Mangonel |
| 25:15 | Queue | Mangonel |
| 25:25 | Queue | Villager (Male) |
| 25:25 | Queue | Villager (Male) |
| 25:58 | Queue | Villager (Male) |
| 25:59 | Queue | Villager (Male) |
| 26:01 | Build | Farm |
Build order — 菜鸟杀手
First 150 of 184 actions detected
| 0:00 | Queue | Villager (Male) |
| 0:00 | Queue | Villager (Male) |
| 0:01 | Queue | Villager (Male) |
| 0:02 | Build | House |
| 0:04 | Build | House |
| 0:24 | Queue | Villager (Male) |
| 1:10 | Research | Loom |
| 1:32 | Queue | Villager (Male) |
| 1:32 | Queue | Villager (Male) |
| 1:50 | Queue | Villager (Male) |
| 1:57 | Build | Lumber Camp |
| 2:17 | Queue | Villager (Male) |
| 2:46 | Queue | Villager (Male) |
| 3:03 | Build | House |
| 3:10 | Queue | Villager (Male) |
| 3:38 | Queue | Villager (Male) |
| 3:40 | Build | House |
| 3:59 | Queue | Villager (Male) |
| 4:25 | Queue | Villager (Male) |
| 4:54 | Queue | Villager (Male) |
| 5:19 | Queue | Villager (Male) |
| 5:30 | Build | Mill |
| 5:46 | Queue | Villager (Male) |
| 5:46 | Research | Loom |
| 6:40 | Research | Feudal Age |
| 7:32 | Build | Mining Camp |
| 8:06 | Build | Donjon |
| 8:14 | Build | House |
| 8:17 | Build | House |
| 8:42 | Build | Mining Camp |
| 8:50 | Age | Feudal Age |
| 8:52 | Queue | Villager (Male) |
| 8:57 | Queue | Serjeant |
| 9:01 | Build | Palisade Wall |
| 9:01 | Build | Palisade Wall |
| 9:02 | Build | Palisade Wall |
| 9:03 | Build | Palisade Wall |
| 9:14 | Queue | Villager (Male) |
| 9:17 | Research | Double-Bit Axe |
| 9:31 | Queue | Serjeant |
| 9:41 | Queue | Serjeant |
| 9:54 | Queue | Villager (Male) |
| 9:56 | Queue | Serjeant |
| 10:09 | Build | Palisade Gate |
| 10:11 | Build | Palisade Wall |
| 10:12 | Build | Palisade Wall |
| 10:20 | Queue | Villager (Male) |
| 10:22 | Build | House |
| 10:48 | Queue | Villager (Male) |
| 10:55 | Build | Donjon |
| 11:17 | Queue | Villager (Male) |
| 11:19 | Build | House |
| 11:32 | Build | Farm |
| 11:33 | Build | Farm |
| 11:41 | Build | Palisade Wall |
| 11:41 | Build | Palisade Wall |
| 11:42 | Build | Palisade Wall |
| 11:42 | Build | Palisade Wall |
| 11:42 | Build | Palisade Wall |
| 11:43 | Build | Palisade Wall |
| 11:43 | Build | Palisade Wall |
| 11:44 | Build | Palisade Wall |
| 11:44 | Build | Palisade Wall |
| 11:48 | Queue | Villager (Male) |
| 12:01 | Build | House |
| 12:04 | Queue | Serjeant |
| 12:21 | Build | Farm |
| 12:22 | Queue | Villager (Male) |
| 12:33 | Queue | Serjeant |
| 12:49 | Build | House |
| 13:01 | Queue | Villager (Male) |
| 13:27 | Queue | Villager (Male) |
| 13:30 | Build | Farm |
| 13:50 | Queue | Villager (Male) |
| 14:10 | Build | House |
| 14:22 | Queue | Villager (Male) |
| 14:32 | Queue | Serjeant |
| 14:44 | Queue | Villager (Male) |
| 14:48 | Queue | Serjeant |
| 15:12 | Build | Farm |
| 15:13 | Build | Farm |
| 15:14 | Queue | Villager (Male) |
| 15:23 | Build | Donjon |
| 15:34 | Queue | Villager (Male) |
| 15:41 | Build | Archery Range |
| 16:03 | Queue | Villager (Male) |
| 16:17 | Queue | Villager (Male) |
| 16:35 | Build | Palisade Wall |
| 16:36 | Build | Palisade Wall |
| 16:36 | Build | Palisade Wall |
| 16:37 | Build | Palisade Wall |
| 16:37 | Build | Palisade Wall |
| 16:38 | Build | Palisade Wall |
| 16:38 | Build | Palisade Wall |
| 16:38 | Build | Palisade Wall |
| 16:43 | Queue | Skirmisher |
| 16:47 | Build | Mining Camp |
| 16:51 | Build | Farm |
| 16:55 | Queue | Skirmisher |
| 17:09 | Queue | Villager (Male) |
| 17:17 | Build | Donjon |
| 17:24 | Queue | Skirmisher |
| 17:26 | Queue | Villager (Male) |
| 17:50 | Queue | Skirmisher |
| 17:55 | Queue | Villager (Male) |
| 18:03 | Build | Blacksmith |
| 18:29 | Queue | Villager (Male) |
| 18:36 | Queue | Villager (Male) |
| 18:37 | Queue | Skirmisher |
| 18:49 | Research | Fletching |
| 18:51 | Build | Lumber Camp |
| 19:00 | Queue | Villager (Male) |
| 19:15 | Build | Donjon |
| 19:24 | Queue | Villager (Male) |
| 19:31 | Queue | Skirmisher |
| 19:33 | Build | House |
| 19:35 | Build | Farm |
| 19:36 | Build | Farm |
| 19:44 | Build | Market |
| 20:01 | Build | House |
| 20:06 | Queue | Skirmisher |
| 20:15 | Queue | Villager (Male) |
| 20:28 | Build | Farm |
| 20:30 | Build | Farm |
| 20:30 | Build | Farm |
| 20:40 | Build | Donjon |
| 20:49 | Queue | Villager (Male) |
| 20:57 | Queue | Skirmisher |
| 21:20 | Build | Farm |
| 21:21 | Build | Farm |
| 21:21 | Build | Farm |
| 21:27 | Queue | Villager (Male) |
| 21:44 | Build | Farm |
| 22:01 | Research | Castle Age |
| 22:28 | Queue | Skirmisher |
| 22:29 | Queue | Skirmisher |
| 22:34 | Build | Donjon |
| 22:47 | Queue | Serjeant |
| 23:08 | Queue | Serjeant |
| 23:14 | Queue | Serjeant |
| 23:20 | Build | Farm |
| 23:20 | Build | Farm |
| 23:22 | Build | Farm |
| 23:23 | Build | Farm |
| 23:26 | Research | Scale Mail Armor |
| 23:27 | Research | Scale Mail Armor |
| 23:31 | Research | Horse Collar |
| 24:14 | Build | Farm |
| 24:15 | Research | Gold Mining |
| 24:15 | Research | Gold Mining |
Match timeline
| 8:06 | 菜鸟杀手 · first_building Donjon |
| 8:33 | Archanger · first_building Barracks |
| 8:50 | 菜鸟杀手 · age_up feudal |
| 9:01 | 菜鸟杀手 · wall_segment Palisade Wall x1 |
| 9:01 | 菜鸟杀手 · wall_segment Palisade Wall x1 |
| 9:02 | 菜鸟杀手 · wall_segment Palisade Wall x1 |
| 9:03 | 菜鸟杀手 · wall_segment Palisade Wall x1 |
| 9:07 | Archanger · wall_segment Palisade Wall x7 |
| 9:24 | Archanger · age_up feudal |
| 9:30 | Archanger · wall_segment Palisade Wall x1 |
| 9:53 | Archanger · wall_segment Palisade Wall x1 |
| 10:11 | 菜鸟杀手 · wall_segment Palisade Wall x1 |
| 10:12 | 菜鸟杀手 · wall_segment Palisade Wall x1 |
| 10:14 | Archanger · wall_segment Palisade Wall x1 |
| 10:15 | Archanger · first_building Archery Range |
| 11:00 | Archanger · wall_segment Palisade Wall x1 |
| 11:10 | Archanger · wall_segment Palisade Wall x1 |
| 11:10 | Archanger · wall_segment Palisade Wall x1 |
| 11:11 | Archanger · wall_segment Palisade Wall x1 |
| 11:19 | Archanger · wall_segment Palisade Wall x1 |
| 11:21 | Archanger · wall_segment Palisade Wall x1 |
| 11:21 | Archanger · wall_segment Palisade Wall x1 |
| 11:41 | 菜鸟杀手 · wall_segment Palisade Wall x2 |
| 11:41 | 菜鸟杀手 · wall_segment Palisade Wall x1 |
| 11:42 | 菜鸟杀手 · wall_segment Palisade Wall x1 |
| 11:42 | 菜鸟杀手 · wall_segment Palisade Wall x1 |
| 11:42 | 菜鸟杀手 · wall_segment Palisade Wall x1 |
| 11:43 | 菜鸟杀手 · wall_segment Palisade Wall x2 |
| 11:43 | 菜鸟杀手 · wall_segment Palisade Wall x2 |
| 11:44 | 菜鸟杀手 · wall_segment Palisade Wall x1 |
| 11:44 | 菜鸟杀手 · wall_segment Palisade Wall x1 |
| 12:19 | Archanger · wall_segment Palisade Wall x1 |
| 12:22 | Archanger · wall_segment Palisade Wall x1 |
| 12:41 | Archanger · wall_segment Palisade Wall x1 |
| 12:43 | Archanger · wall_segment Palisade Wall x1 |
| 15:41 | 菜鸟杀手 · first_building Archery Range |
| 16:35 | 菜鸟杀手 · wall_segment Palisade Wall x2 |
| 16:36 | 菜鸟杀手 · wall_segment Palisade Wall x2 |
| 16:36 | 菜鸟杀手 · wall_segment Palisade Wall x1 |
| 16:37 | 菜鸟杀手 · wall_segment Palisade Wall x1 |
| 16:37 | 菜鸟杀手 · wall_segment Palisade Wall x1 |
| 16:38 | 菜鸟杀手 · wall_segment Palisade Wall x1 |
| 16:38 | 菜鸟杀手 · wall_segment Palisade Wall x2 |
| 16:38 | 菜鸟杀手 · wall_segment Palisade Wall x1 |
| 16:55 | Archanger · wall_segment Palisade Wall x1 |
| 18:11 | Archanger · first_market_sell 100 stone |
| 18:12 | Archanger · first_market_buy 100 food |
| 20:33 | 菜鸟杀手 · first_market_buy 500 food |
| 21:26 | 菜鸟杀手 · first_market_sell 500 stone |
| 22:28 | Archanger · age_up castle |
| 22:38 | Archanger · first_building Siege Workshop |
| 23:55 | Archanger · wall_segment Palisade Wall x1 |
| 24:41 | 菜鸟杀手 · age_up castle |
| 25:08 | 菜鸟杀手 · first_building Siege Workshop |
| 26:09 | 菜鸟杀手 · first_building Monastery |
| 26:29 | Archanger · first_building Monastery |
| 26:33 | Archanger · wall_segment Palisade Wall x1 |
| 26:34 | Archanger · wall_segment Palisade Wall x1 |
| 26:35 | Archanger · wall_segment Palisade Wall x1 |
| 26:39 | Archanger · wall_segment Palisade Wall x1 |
| 26:51 | Archanger · wall_segment Palisade Wall x1 |
| 28:38 | Archanger · resign |
[ AI ANALYSIS · 1 CREDIT ]
What really happened in this match?
Wolo.gg analyzes every decision: build order, eco, micro, common mistakes by bracket. Personalized analysis on WhatsApp or Discord in 30 seconds.
Civ guide
Saracens
Perfil
Jugador #386523